 Dungeon Crawl Stone Soup version 0.30.0-5-g1a98f26d00 (webtiles) character file.

Game seed: 14751597136282211632

20 SeerSkye the Digger (level 2, -2/15 HPs)
             Began as a Gargoyle Earth Elementalist on May 10, 2023.
             Frozen to death by an endoplasm (4 damage)
             ... on level 1 of the Dungeon.
             The game lasted 00:00:49 (248 turns).

SeerSkye the Digger (Gargoyle Earth Elementalist)    Turns: 248, Time: 00:00:49

Health: -2/15      AC:  4    Str: 11    XL:     2   Next: 79%
Magic:  0/5        EV: 11    Int: 15    God:
Gold:   5          SH:  0    Dex: 10    Spells: 4/5 levels left

rFire   . . .        d - +0 dagger
rCold   . . .        (no shield)
rNeg    + . .        a - +0 robe
rPois   ∞            (no helmet)
rElec   +            (no cloak)
rCorr   .            (no gloves)
SInv    .            (no boots)
Will    .....        (no amulet)
Stlth   ++           (no ring)
HPRegen 0.22/turn    (no ring)
MPRegen 0.09/turn

%: no passive effects
@: no status effects
A: sickness immunity, AC +2, negative energy resistance 1, electricity
resistance, torment resistance 1, petrification resistance
a: no special abilities


You were on level 1 of the Dungeon.
You visited 1 branch of the dungeon, and saw 1 of its levels.

You collected 5 gold pieces.

Inventory:

Hand Weapons
 d - a +0 dagger (weapon)
Armour
 a - a +0 robe (worn)
Scrolls
 c - 2 scrolls of identify {unknown}
 e - a scroll of magic mapping {unknown}
Potions
 b - a potion of magic


   Skills:
 - Level 1.5 Dodging
 - Level 2.1 Stealth
 - Level 2.0 Spellcasting
 - Level 0.7 Transmutations
 * Level 4.8 Earth Magic


You had 4 spell levels left.
You knew the following spells:

 Your Spells              Type           Power      Damage    Failure   Level
a - Sandblast             Erth           32%        2d9       3%          1

Your spell library contained the following spells:

 Spells                   Type           Power      Damage    Failure   Level
 Passwall                 Tmut/Erth      7%         N/A       11%         2
 Stone Arrow              Conj/Erth      16%        3d8       24%         3
 Ozocubu's Armour         Ice            1%         N/A       54%         3
 Petrify                  Tmut/Erth      9%         N/A       56%         4
 Metabolic Englaciation   Hex/Ice        0%         N/A       99%         5
 Simulacrum               Ice/Necr       0%         N/A       100%        6


Dungeon Overview and Level Annotations

Branches:
Dungeon (1/15) Zot: 5745

Altars:


Innate Abilities, Weirdness & Mutations

You are immune to sickness and miasma.
Your stone body is resilient. (AC +2)
You are immune to poison.
You resist negative energy. (rN+)
You are resistant to electric shocks. (rElec)
You are resistant to unholy torment.
You are immune to petrification.


Message History

Found a scroll labelled JOM URO DACEAWOYCO and a knobbly brass ring.
Found an escape hatch in the floor.
Aiming: Sandblast (safe; 3% risk of failure)
Press: ? - help, Q - select action Shift-Dir - straight line, f - rat
Aim: a rat (82% to hit)
The blast of sand hits the rat.
You kill the rat!
A dart slug and an endoplasm come into view.
The gnoll shouts!
Aiming: Sandblast (safe; 3% risk of failure)
Press: ? - help, Q - select action Shift-Dir - straight line, f - gnoll
Aim: a gnoll, wielding a +0 flail (84% to hit)
The blast of sand misses the gnoll.
Aiming: Sandblast (safe; 3% risk of failure)
Press: ? - help, Q - select action Shift-Dir - straight line, f/p - gnoll
Aim: a gnoll, wielding a +0 flail (84% to hit)
The blast of sand hits the gnoll!
The gnoll is heavily wounded.
The gnoll hits you with a +0 flail.
* * * LOW HITPOINT WARNING * * *
The endoplasm hits you but does no damage.
The endoplasm misses you. The gnoll barely misses you.
Aiming: Sandblast (safe; 3% risk of failure)
Press: ? - help, Q - select action Shift-Dir - straight line, f/p - gnoll
Aim: a gnoll, wielding a +0 flail (heavily wounded, 84% to hit)
The blast of sand hits the gnoll.
You kill the gnoll!
The endoplasm freezes you.
You are frozen.
* * * LOW HITPOINT WARNING * * *
Aiming: Sandblast (safe; 3% risk of failure)
Press: ? - help, Q - select action Shift-Dir - straight line, f - endoplasm
Aim: an endoplasm (98% to hit)
The blast of sand misses the endoplasm.
The endoplasm hits you.
* * * LOW HITPOINT WARNING * * *
The dart slug barely misses you. The endoplasm freezes you.
You are frozen.
You die...

#..~~~.P~~..#..#
#.............#
.........################
..#.#......#####.........
.........#............>..
....#.##.......#.........
......########.#.........
.......## #..#J.....#
....##..### ##.@w....?#
....###...# ##..##...=.#
....# ###.# #..## .....#
... #.# #.## .....# ...
#.###.## ##.### ..
#.##...# .. #.##...# ..
#......# ... #......#


You could see a dart slug and an endoplasm.

Vanquished Creatures
  A gnoll (D:1)
  A dart slug (D:1)
  A ball python (D:1)
  A goblin (D:1)
  A hobgoblin (D:1)
  A frilled lizard (D:1)
  3 rats (D:1)
9 creatures vanquished.

Notes
Turn   | Place    | Note
-------+----------+-------------------------------------------
     0 | D:1      | SeerSkye the Gargoyle Earth Elementalist began the quest
                  | for the Orb.
     0 | D:1      | Reached XP level 1. HP: 10/10 MP: 3/3
    52 | D:1      | Reached skill level 4 in Earth Magic
   108 | D:1      | Reached XP level 2. HP: 15/15 MP: 3/5
   248 | D:1      | Frozen to death by an endoplasm

Illustrated notes

Levels and vault maps discovered:
D:1:      minmay_arrival_loop, layout_rooms, shapermc_ecumenical_altar_acropolis

Skill      XL: |  1 |
---------------+----+-----
Earth Magic    | 4 |  4.8
Dodging        | |  1.5
Stealth        | |  2.1
Spellcasting   | |  2.0
Transmutations | |  0.7

Action                     || total
---------------------------++-------
  Melee: Dagger            ||     2
   Cast: Sandblast         ||    13
 Armour: Robe              ||     1
  Dodge: Dodged            ||     4
